 Dungeon Crawl Stone Soup version 0.21.0-3-g78d12a8 (webtiles) character file.

16892 Suckerboh the Destroyer (level 12, -4/62 HPs)
             Began as a Deep Elf Fire Elementalist on Jan 13, 2018.
             Was a High Priest of Vehumet.
             Slain by an orc warrior
             ... wielding a +2 mace of crushing
              (33 damage)
             ... on level 2 of the Orcish Mines.
             The game lasted 00:42:13 (16549 turns).

Suckerboh the Destroyer (DEFE)                     Turns: 16549, Time: 00:42:14

Health: -4/62      AC:  6    Str:  5    XL:     12   Next: 14%
Magic:  31/31      EV: 14    Int: 26    God:    Vehumet [*****.]
Gold:   918        SH:  0    Dex: 12    Spells: 20/38 levels left

rFire    . . .     SeeInvis .   a - +0 dagger (elec)
rCold    . . .     Gourm    +   (no shield)
rNeg     + . .     Faith    .   G - +2 robe {rN+}
rPois    +         Spirit   .   S - +2 hat
rElec    .         Reflect  .   (no cloak)
rCorr    .         Harm     .   (no gloves)
MR       +....                  (no boots)
Stlth    ++........             q - amulet of the gourmand
HPRegen  0.20/turn              v - ring of poison resistance
MPRegen  0.22/turn              t - -3 ring of dexterity (curse)

@: no status effects
A: no striking features
a: Renounce Religion


You were on level 2 of the Orcish Mines.
You worshipped Vehumet.
Vehumet was extremely pleased with you.
You were completely stuffed.

You visited 3 branches of the dungeon, and saw 13 of its levels.
You also visited: Ossuary.

You collected 918 gold pieces.

Inventory:

Hand Weapons
 a - a +0 dagger of electrocution (weapon)
Armour
 u - a +0 helmet
 G - a +2 robe of positive energy (worn)
 N - a +2 shield
 O - a +0 ring mail of poison resistance
 S - a +2 hat (worn)
Magical Staves
 R - an uncursed staff of cold {unknown}
 U - an uncursed staff of air {unknown}
Jewellery
 q - an amulet of the gourmand (around neck)
 t - a cursed -3 ring of dexterity (right hand)
 v - a ring of poison resistance (left hand)
 w - a +6 ring of protection {unknown}
 C - an uncursed ring of magical power {unknown}
 F - an uncursed amulet of faith {unknown}
 I - a cursed -2 ring of dexterity
Wands
 r - a wand of polymorph (14)
 y - a wand of digging (3)
 E - a wand of iceblast (12)
 P - a wand of enslavement (13)
 X - a wand of random effects (22)
Scrolls
 d - 8 scrolls of identify {unknown}
 f - 2 scrolls of fog {unknown}
 h - a scroll of immolation {unknown}
 i - 5 scrolls of amnesia {unknown}
 j - 3 scrolls of enchant weapon {unknown}
 l - 3 scrolls of magic mapping {unknown}
 m - 3 scrolls of teleportation {unknown}
 p - 6 scrolls of remove curse {unknown}
 z - 2 scrolls of blinking {unknown}
 B - 3 scrolls of enchant armour {unknown}
 D - 2 scrolls of noise {unknown}
 J - 2 scrolls of brand weapon {unknown}
 K - 2 scrolls of fear {unknown}
 V - a scroll of random uselessness {unknown}
 Y - a scroll of acquirement {unknown}
Potions
 b - a potion of haste {unknown}
 e - 7 potions of degeneration {unknown}
 g - 2 potions of invisibility {unknown}
 k - 6 potions of curing {unknown}
 n - 2 potions of brilliance {unknown}
 o - 3 potions of mutation {unknown}
 x - 4 potions of lignification {unknown}
 A - a potion of berserk rage {unknown}
 H - a potion of flight {unknown}
 L - 3 potions of resistance {unknown}
 M - a potion of ambrosia {unknown}
 Q - a potion of agility
 T - a potion of cancellation {unknown}
Books
 s - a book of Conjurations

   Spells                             Type                      Level
   a - Magic Dart                     Conjuration                  1
   b - Searing Ray                    Conjuration                  2
   c - Dazzling Spray                 Conjuration/Hexes            3
   d - Fulminant Prism                Conjuration/Hexes            4
   e - Force Lance                    Conjuration/Translocation    4
   f - Iskenderun's Mystic Blast      Conjuration                  4
Miscellaneous
 W - a lamp of fire
Comestibles
 c - 17 rations
 Z - 4 chunks of flesh


   Skills:
 + Level 1.7 Fighting
 + Level 5.2 Dodging
 - Level 2.8 Stealth
 + Level 13.7 Spellcasting
 * Level 13.7 Conjurations
 + Level 10.9 Fire Magic
 - Level 0.2 Air Magic
 + Level 1.3 Evocations


You had 20 spell levels left.
You knew the following spells:

 Your Spells              Type           Power        Failure   Level  Hunger
a - Flame Tongue          Conj/Fire      #####        0%          1    None
b - Conjure Flame         Conj/Fire      ######..     1%          3    None
c - Sticky Flame          Conj/Fire      ######..     1%          4    None
d - Fireball              Conj/Fire      ######....   1%          5    ##.....
e - Shock                 Conj/Air       ####         1%          1    None
f - Iskenderun's Mystic   Conj           ######..     1%          4    None


Dungeon Overview and Level Annotations

Branches:
Dungeon (10/15)            Temple (1/1) D:4            Lair (0/6) D:10
    Orc (2/2) D:9
    Elf: Orc:2

Altars:
Ashenzari
Cheibriados
Dithmenos
Elyvilon
Fedhas
Gozag
Hepliaklqana
Kikubaaqudgha
Makhleb
Nemelex Xobeh
Okawaru
Qazlal
Ru
Trog
Uskayaw
Vehumet
Wu Jian
Xom
Yredelemnul
Zin

Shops:
D:7 %   D:10 %


Message History

You eat one of the 5 chunks of flesh.
This raw flesh tastes great.
Magic restored.
You climb downwards.
An orc wizard comes into view. It is wielding a dagger of venom.
The orc knight hits you with a long sword!!
The orc hits you but does no damage.
The orc warrior hits you with a mace of crushing!
The orc wizard casts a spell.
The orc wizard seems to speed up.
You hear a shout!
A cyclops comes into view.
There is a stone staircase leading up, spattered with blood here.
You see here a tomahawk.
Unknown command.
The orc knight roars a battlecry!
The orcs go into a battle-frenzy!
The orc barely misses you.
The cyclops moves out of view.
The orc warrior hits you with a mace of crushing!!
Ouch! That really hurt!
You die...

# #.. ## #
.....#o##.##...
....[.o@oo$....
.$..o.##o[.....
..... .......
...o .##....
... .# ... .#
.. .. .. . ..


You could see an orc knight, an orc warrior, an orc priest, 2 orc wizards and 2
orcs.

Vanquished Creatures
  Gastronok (D:8)
  The ghost of myopia the Covert, a journeyman OpAs of Dithmenos (D:10)
  3 two-headed ogres
  A queen ant (D:10)
  An orc high priest (Orc:2)
  Pikel (D:4)
  The ghost of CasualChangeling the Covert, a novice KoAs (D:5)
  A komodo dragon (D:10)
  A troll (D:8)
  A hippogriff (D:9)
  A spriggan (D:8)
  Menkaure (D:6)
  Edmund (D:6)
  12 soldier ants (D:10)
  A water moccasin (D:9)
  Duvessa (D:6)
  13 orc warriors
  4 slaves (D:4)
  2 ice beasts
  7 sky beasts
  2 necrophages (D:10)
  3 phantoms
  2 black bears (D:8)
  12 ogres
  4 centaurs
  A big kobold (D:7)
  4 bullfrogs
  A wyvern zombie (D:6)
  A gnoll sergeant (D:7)
  3 scorpions
  Dowan (D:6)
  8 killer bees
  A howler monkey (D:8)
  2 vampire bats (D:4)
  5 wights (D:8)
  4 crimson imps
  2 quasits
  2 centaur zombies (Ossuary)
  A jelly (D:5)
  7 hounds
  14 orc wizards
  2 human zombies (Ossuary)
  8 orc priests
  A bullfrog skeleton (D:5)
  A gnoll shaman (D:8)
  Ijyb (D:3)
  Natasha (thrice) (D:3)
  4 iguanas
  32 worker ants
  3 ogre zombies (Ossuary)
  A hound zombie (D:5)
  7 mummies (Ossuary)
  Robin (D:3)
  12 adders
  20 gnolls
  3 shadow imps
  An adder skeleton (D:8)
  7 adder zombies
  2 worms
  3 dart slugs
  5 leopard geckos
  43 orcs
  5 bat skeletons (D:4)
  A bat zombie (D:4)
  4 giant cockroaches
  A gnoll zombie (Ossuary)
  10 goblins
  10 hobgoblins
  7 jackals
  3 quokkas
  A ball python (D:3)
  5 bats
  4 frilled lizards
  2 goblin zombies
  A hobgoblin zombie (Ossuary)
  16 kobolds
  4 kobold zombies (Ossuary)
  A leopard gecko zombie (D:8)
  An orc zombie (Ossuary)
  5 quokka zombies
  8 rats
  7 rat zombies (Ossuary)
  A butterfly (D:4)
392 creatures vanquished.

Vanquished Creatures (others)
  An orc (Orc:2)
  A hobgoblin (D:3)
  A bush (D:8)
  3 plants (D:10)
6 creatures vanquished.

Grand Total: 398 creatures vanquished

Notes
Turn   | Place    | Note
-------+----------+-------------------------------------------
     0 | D:1      | Suckerboh the Deep Elf Fire Elementalist began the quest for the Orb.
     0 | D:1      | Reached XP level 1. HP: 10/10 MP: 6/6
   107 | D:1      | Reached XP level 2. HP: 15/15 MP: 1/8
   559 | D:1      | Reached XP level 3. HP: 19/19 MP: 7/9
  1183 | D:2      | Reached XP level 4. HP: 24/24 MP: 6/11
  1420 | D:3      | Noticed Natasha
  1427 | D:3      | Killed Natasha
  1634 | D:3      | Reached XP level 5. HP: 28/28 MP: 9/13
  1644 | D:3      | Noticed Ijyb
  1668 | D:3      | Killed Ijyb
  1668 | D:3      | Reached skill level 5 in Fire Magic
  1793 | D:3      | Reached skill level 5 in Spellcasting
  2064 | D:3      | Noticed Natasha
  2072 | D:3      | Killed Natasha
  2202 | D:3      | Reached XP level 6. HP: 27/32 MP: 11/15
  2255 | D:3      | Learned a level 3 spell: Conjure Flame
  2260 | D:3      | Learned a level 4 spell: Sticky Flame
  2266 | D:3      | Learned a level 5 spell: Fireball
  2333 | D:3      | Noticed Robin
  2363 | D:3      | Noticed Natasha
  2367 | D:3      | Killed Natasha
  2392 | D:3      | Killed Robin
  2995 | D:4      | Found a staircase to the Ecumenical Temple.
  3008 | Temple   | Entered the Ecumenical Temple
  3077 | Temple   | Became a worshipper of Vehumet
  3122 | D:4      | Noticed a slave
  3125 | D:4      | Noticed a slave
  3137 | D:4      | Killed a slave
  3160 | D:4      | Noticed Pikel
  3256 | D:4      | Noticed a slave
  3256 | D:4      | Noticed a slave
  3286 | D:4      | Killed a slave
  3512 | D:4      | Found a shattered altar of Ashenzari.
  3660 | D:4      | Found a basalt altar of Yredelemnul.
  3661 | D:4      | Found a sacrificial altar of Ru.
  3738 | D:4      | Reached XP level 7. HP: 36/36 MP: 16/18
  4224 | D:4      | Killed Pikel
  4224 | D:4      | Reached XP level 8. HP: 42/42 MP: 0/21
  4594 | D:4      | Found an ancient bone altar of Kikubaaqudgha.
  4735 | D:5      | Entered Level 5 of the Dungeon
  4839 | D:5      | Noticed CasualChangeling's ghost (novice KoAs)
  4891 | D:5      | Killed CasualChangeling's ghost
  4891 | D:5      | Reached * piety under Vehumet
  4891 | D:5      | Offered knowledge of Magic Dart by Vehumet.
  5629 | D:5      | Reached XP level 9. HP: 36/46 MP: 18/23
  6382 | D:6      | Noticed Edmund
  6406 | D:6      | Killed Edmund
  6510 | D:6      | Offered knowledge of Shock by Vehumet.
  6513 | D:6      | Reached ** piety under Vehumet
  6665 | D:6      | Noticed Dowan
  6716 | D:6      | Noticed Duvessa
  6724 | D:6      | Killed Dowan
  6729 | D:6      | Killed Duvessa
  6991 | D:6      | Reached skill level 10 in Spellcasting
  7024 | D:6      | Noticed Menkaure
  7199 | D:6      | Killed Menkaure
  7280 | D:6      | Reached skill level 1 in Fighting
  7438 | D:6      | Learned a level 1 spell: Shock
  7443 | D:6      | Learned a level 4 spell: Iskenderun's Mystic Blast
  7638 | D:7      | Found Matucw's Food Emporium.
  7703 | D:7      | Reached XP level 10. HP: 52/52 MP: 17/26
  8360 | D:8      | Noticed Gastronok
  8691 | D:8      | Reached skill level 10 in Conjurations
  8710 | D:8      | Found a sand-covered staircase.
  8722 | Ossuary  | Entered an ossuary
  8754 | Ossuary  | Offered knowledge of Mephitic Cloud by Vehumet.
  8838 | Ossuary  | Reached *** piety under Vehumet
  9158 | Ossuary  | Offered knowledge of Throw Icicle by Vehumet.
  9667 | D:8      | Reached **** piety under Vehumet
 10140 | D:8      | Noticed a two-headed ogre
 10174 | D:8      | Offered knowledge of Static Discharge by Vehumet.
 10194 | D:8      | Killed a two-headed ogre
 10704 | D:8      | Found a bloodstained altar of Trog.
 10948 | D:8      | Noticed a two-headed ogre
 10969 | D:8      | Killed a two-headed ogre
 10969 | D:8      | Reached XP level 11. HP: 56/56 MP: 17/28
 11276 | D:8      | Killed Gastronok
 11276 | D:8      | Reached skill level 10 in Fire Magic
 11699 | D:9      | Found a staircase to the Orcish Mines.
 11816 | D:9      | Found a hazy altar of Hepliaklqana.
 12200 | D:9      | Noticed a two-headed ogre
 12216 | D:9      | Killed a two-headed ogre
 12548 | D:10     | Entered Level 10 of the Dungeon
 12833 | D:10     | Found Sawk's Food Emporium.
 13391 | D:10     | Reached ***** piety under Vehumet
 13402 | D:10     | Offered knowledge of Lee's Rapid Deconstruction by Vehumet.
 13571 | D:10     | Reached skill level 5 in Dodging
 13680 | D:10     | Noticed a queen ant
 13697 | D:10     | Killed a queen ant
 13964 | D:10     | Noticed myopia's ghost (journeyman OpAs)
 13982 | D:10     | Killed myopia's ghost
 14212 | D:10     | Found a staircase to the Lair.
 14777 | Orc:1    | Entered Level 1 of the Orcish Mines
 14961 | Orc:2    | Entered Level 2 of the Orcish Mines
 14961 | Orc:2    | Noticed an orc high priest
 14963 | Orc:2    | Reached XP level 12. HP: 62/62 MP: 22/31
 14964 | Orc:2    | Killed an orc high priest
 15653 | Orc:1    | Reached skill level 1 in Evocations
 16549 | Orc:2    | Slain by an orc warrior

Skill      XL: |  1  2  3  4  5  6  7  8  9 10 11 12 |
---------------+-------------------------------------+-----
Fire Magic     | 4 5 6 7 8 9 10 | 10.9
Spellcasting   | 4 5 6 7 8 10 11 13 | 13.7
Conjurations   | 2 3 4 6 7 9 11 13 | 13.7
Dodging        | 3 4 5 |  5.2
Fighting       | 1 |  1.7
Evocations     | 1 |  1.3
Stealth        | |  2.8
Air Magic      | |  0.2

Action                   |  1- 3 |  4- 6 |  7- 9 | 10-12 || total
-------------------------+-------+-------+-------+-------++-------
Melee: Unarmed           |     2 |     9 |       |       ||    11
       Dagger            |       |     7 |     1 |    14 ||    22
 Cast: Flame Tongue      |    56 |   123 |   302 |   548 ||  1029
       Conjure Flame     |       |     2 |    10 |    12 ||    24
       Sticky Flame      |       |     1 |     8 |    46 ||    55
       Iskenderun's Myst |       |       |       |    28 ||    28
       Fireball          |       |       |       |    15 ||    15
       Shock             |       |       |       |    31 ||    31
Evoke: Wand              |       |       |       |    19 ||    19
 Stab: Confused          |       |     2 |       |       ||     2
  Eat: Chunk             |       |    18 |    13 |    29 ||    60
Armor: Robe              |     1 |     8 |    12 |    39 ||    60
       Skin              |       |     1 |       |       ||     1
Dodge: Dodged            |    19 |    36 |    55 |   187 ||   297
